 Dungeon Crawl Stone Soup version 0.20.1-1-g8b1a95d (webtiles) character file.

6703 mortelune the Geomancer (level 11, 0/58 HPs)
             Began as a Gargoyle Earth Elementalist on Nov 1, 2017.
             Was a Priest of Vehumet.
             Slain by an orc knight
             ... wielding a +0 halberd
              (24 damage)
             ... in a bailey.
             The game lasted 00:52:26 (9268 turns).

mortelune the Geomancer (GrEE)                      Turns: 9268, Time: 00:52:27

Health: 0/58       AC: 16    Str: 14    XL:     11   Next: 3%
Magic:  5/24       EV: 11    Int: 20    God:    Vehumet [***...]
Gold:   398        SH:  0    Dex: 10    Spells: 17/28 levels left

rFire    + . .     SeeInvis .   W - staff of conjuration
rCold    + . .     Gourm    .   (no shield)
rNeg     + . .     Faith    .   E - +0 ring mail "Tiutab" {rF+ rC+ Regen+}
rPois    ∞         Spirit   .   n - +0 helmet
rElec    +         Reflect  .   M - +0 cloak
rCorr    .         Harm     .   (no gloves)
MR       +....                  Y - +0 pair of boots of Life {rElec Str+3}
Stlth    +.........             (no amulet)
Regen    0.6/turn               C - ring of protection from magic
MPRegen  0.2/turn               (no ring)

@: no status effects
A: negative energy resistance 1, electricity resistance, unbreathing,
petrification resistance, rot immunity, AC +7
a: Renounce Religion


You were in a bailey.
You worshipped Vehumet.
Vehumet was most pleased with you.
You were not hungry.

You visited 1 branch of the dungeon, and saw 9 of its levels.
You also visited: Bailey.

You collected 398 gold pieces.

Inventory:

Hand Weapons
 f - a +0 club
 p - a -3 short sword
 x - a +1 mace
 J - a +0 morningstar
Missiles
 b - 117 stones (quivered)
Armour
 n - a +0 helmet (worn)
 y - the +0 shield "Wel Pee" {rN+ rCorr MP+9 Int+4}
   (You found it on level 4 of the Dungeon)

   It affects your intelligence (+4).
   It protects you from negative energy.
   It affects your magic capacity (+9).
   It protects you from acid and corrosion.
 E - the +0 ring mail "Tiutab" (worn) {rF+ rC+ Regen+}
   (You found it on level 5 of the Dungeon)

   It protects you from fire.
   It protects you from cold.
   It increases your rate of regeneration.
 M - a +0 cloak (worn)
 Y - the +0 pair of boots of Life (worn) {rElec Str+3}
   (You found it on level 9 of the Dungeon)

   It affects your strength (+3).
   It insulates you from electricity.
Magical Staves
 W - an uncursed staff of conjuration (weapon)
Jewellery
 C - a ring of protection from magic (left hand)
Wands
 a - a wand of enslavement (14/24)
 v - a wand of polymorph (16/24)
 F - a wand of iceblast (8/15)
 H - a wand of iceblast (5/15)
 I - a wand of polymorph (13/24)
 K - a wand of polymorph (15/24)
 N - a wand of confusion (35/48)
 O - a wand of flame (32/48)
 Q - a wand of polymorph (11/24)
 T - a wand of digging (12/24)
Scrolls
 i - a scroll of random uselessness {unknown}
 m - a scroll of enchant weapon
 o - a scroll of magic mapping
 q - 3 scrolls of teleportation
 t - a scroll of remove curse
 u - 2 scrolls of enchant armour {unknown}
 z - 2 scrolls of fog {unknown}
 R - a scroll of immolation {unknown}
 U - a scroll of amnesia
 V - a scroll of recharging {unknown}
 Z - a scroll of acquirement {unknown}
Potions
 c - a potion of resistance
 g - a potion of berserk rage {unknown}
 j - 2 potions of invisibility
 k - 8 potions of curing
 l - 2 potions of flight
 w - a potion of might {unknown}
 A - 3 potions of cancellation
 B - a potion of brilliance
 S - 2 potions of heal wounds {unknown}
Books
 e - a book of Geomancy

   Spells                             Type                      Level
   a - Sandblast                      Earth                        1
   b - Passwall                       Transmutation/Earth          2
   c - Stone Arrow                    Conjuration/Earth            3
   d - Petrify                        Transmutation/Earth          4
   e - Lee's Rapid Deconstruction     Earth                        5
Comestibles
 d - 11 bread rations
 h - a royal jelly
 D - 3 meat rations


   Skills:
 + Level 2.5 Fighting
 + Level 2.3 Maces & Flails
 + Level 2.2 Armour
 - Level 2.0 Dodging
 - Level 2.1 Stealth
 + Level 9.1 Spellcasting
 + Level 8.6 Conjurations
   Level 0.7 Transmutations
 + Level 11.8 Earth Magic


You had 17 spell levels left.
You knew the following spells:

 Your Spells              Type           Power        Failure   Level  Hunger
a - Sandblast             Erth           ######       1%          1    None
b - Stone Arrow           Conj/Erth      ######       1%          3    None
c - Lee's Rapid Deconstr  Erth           ######....   1%          5    #####..
d - Throw Flame           Conj/Fire      #####.       1%          2    None


Dungeon Overview and Level Annotations

Branches:
Dungeon (9/15)             Temple (0/1) D:7             Orc (0/2) D:9
   Lair: D:8-11

Altars:
Cheibriados
Hepliaklqana
Kikubaaqudgha
Okawaru
Ru
Sif Muna
Vehumet
Zin
The Shining One


Innate Abilities, Weirdness & Mutations

You are resistant to torment.
Your stone body is resilient. (AC +7)
You are immune to poison.
You resist negative energy. (rN+)
You are resistant to electric shocks. (rElec)
You can survive without breathing.
You are immune to petrification.
You are immune to rotting.


Message History

Press: ? - help, Shift-Dir - straight line, f/p - orc knight
Aim: an orc knight, wielding a halberd and wearing a chain mail (severely wounded, unusually strong)
You feel a surge of power!
The stone arrow hits the orc knight.
The orc knight is almost dead.
The orc knight closely misses you.
Casting: Stone Arrow
Confirm with . or Enter, or press ? or * to list all spells.
Aiming: Stone Arrow
Press: ? - help, Shift-Dir - straight line, f/p - orc knight
Aim: an orc knight, wielding a halberd and wearing a chain mail (almost dead, unusually strong)
You feel a surge of power!
The stone arrow hits the orc knight.
You kill the orc knight!
Vehumet accepts your kill.
You feel your power returning.
Your Armour skill increases to level 2!
You have reached level 11!
The orc warrior hits you but does no damage.
The orc hits you but does no damage.
The orc knight hits you from afar with a halberd!!
You die...

#.......#
#...)...#
#....)..#
#)......#
#.......#
#.......#
#.......#
#.......#
##.)@..##
###o###
#oo.#
#...#
#.).#
#...#
###)###
##..)..##
#..))...#


You could see an orc knight, an orc warrior and an orc.

Vanquished Creatures
  A two-headed ogre (D:7)
  An orc knight (Bailey)
  Grinder (D:6)
  Prince Ribbit (D:8)
  A hippogriff (D:7)
  6 yaks (D:8)
  The ghost of Zentaure the Archer, an amateur CeHu of Cheibriados (D:4)
  Menkaure (D:7)
  The ghost of bobthegiant the Digger, an amateur GrEE (D:5)
  6 orc warriors
  An ice beast (D:6)
  2 sky beasts
  A necrophage (D:9)
  5 ogres
  The ghost of ceb the Bolt Thrower, an amateur DsHu (D:3)
  5 centaurs
  A big kobold (D:8)
  4 bullfrogs
  3 killer bees (D:8)
  3 wights (D:7)
  2 centaur zombies
  6 crimson imps
  3 hounds
  2 jellies
  Crazy Yiuf (D:6)
  A gnoll shaman (D:7)
  5 orc priests
  A bullfrog skeleton (D:5)
  7 orc wizards
  A centaur skeleton (D:5)
  3 iguanas
  7 worker ants
  A hound skeleton (D:5)
  A worker ant zombie (D:7)
  7 gnolls (D:7)
  8 adders
  3 shadow imps
  An ooze (D:1)
  An adder zombie (D:8)
  2 worms
  3 leopard geckos
  60 orcs
  7 giant cockroaches
  11 hobgoblins
  3 jackals (D:8)
  A quokka (D:5)
  A ball python (D:1)
  11 bats
  3 frilled lizards (D:1)
  14 goblins
  12 kobolds
  5 rats
240 creatures vanquished.

Notes
Turn   | Place    | Note
-------+----------+-------------------------------------------
     0 | D:1      | mortelune the Gargoyle Earth Elementalist began the quest for the Orb.
     0 | D:1      | Reached XP level 1. HP: 10/10 MP: 3/3
   516 | D:1      | Reached XP level 2. HP: 12/15 MP: 5/5
   842 | D:1      | Reached skill level 4 in Earth Magic
  1591 | D:1      | Reached XP level 3. HP: 17/19 MP: 7/7
  2352 | D:2      | Reached XP level 4. HP: 13/24 MP: 4/8
  2606 | D:3      | Noticed ceb's ghost (amateur DsHu)
  2614 | D:3      | Killed ceb's ghost
  2614 | D:3      | Reached skill level 5 in Earth Magic
  2614 | D:3      | Reached XP level 5. HP: 28/28 MP: 2/10
  2755 | D:3      | Reached XP level 6. HP: 13/32 MP: 4/12
  2988 | D:3      | Reached skill level 6 in Earth Magic
  3194 | D:3      | Found a glowing silver altar of Zin.
  3715 | D:4      | Noticed Zentaure's ghost (amateur CeHu)
  3720 | D:4      | Killed Zentaure's ghost
  3806 | D:4      | Reached skill level 5 in Spellcasting
  3827 | D:4      | Reached XP level 7. HP: 30/36 MP: 10/14
  3965 | D:4      | Found an ancient bone altar of Kikubaaqudgha.
  4060 | D:4      | Reached skill level 7 in Earth Magic
  4094 | D:4      | Got a crude shield
  4100 | D:4      | Identified the +0 shield "Wel Pee" {rN+ rCorr MP+9 Int+4} (You found it on level 4 of the Dungeon)
  4104 | D:4      | Learned a level 3 spell: Stone Arrow
  4459 | D:5      | Entered Level 5 of the Dungeon
  4593 | D:5      | Reached skill level 1 in Conjurations
  4606 | D:5      | Found a sacrificial altar of Ru.
  4646 | D:5      | Noticed bobthegiant's ghost (amateur GrEE)
  4657 | D:5      | Killed bobthegiant's ghost
  4779 | D:5      | Found a glowing golden altar of the Shining One.
  4963 | D:5      | Reached XP level 8. HP: 34/41 MP: 13/16
  4968 | D:5      | Reached skill level 8 in Earth Magic
  4979 | D:5      | Got a steaming ring mail
  4990 | D:5      | Identified the cursed +0 ring mail "Tiutab" {rF+ rC+ Regen+} (You found it on level 5 of the Dungeon)
  5089 | D:5      | Found an iron altar of Okawaru.
  5700 | D:6      | Found a hazy altar of Hepliaklqana.
  5719 | D:6      | Found a runed door.
  5723 | D:6      | Noticed Crazy Yiuf
  5729 | D:6      | Killed Crazy Yiuf
  5798 | D:6      | Noticed Grinder
  5804 | D:6      | Killed Grinder
  5880 | D:6      | Reached skill level 9 in Earth Magic
  5947 | D:6      | Found a radiant altar of Vehumet.
  5974 | D:6      | Became a worshipper of Vehumet
  6189 | D:6      | Found a snail-covered altar of Cheibriados.
  6584 | D:7      | Found a staircase to the Ecumenical Temple.
  6684 | D:7      | Reached XP level 9. HP: 33/45 MP: 12/19
  6686 | D:7      | Reached skill level 5 in Conjurations
  6828 | D:7      | Noticed a two-headed ogre
  6833 | D:7      | Killed a two-headed ogre
  6833 | D:7      | Reached skill level 10 in Earth Magic
  6961 | D:7      | Noticed Menkaure
  6966 | D:7      | Killed Menkaure
  7183 | D:7      | Reached * piety under Vehumet
  7183 | D:7      | Offered knowledge of Shock by Vehumet.
  7238 | D:7      | Learned a level 5 spell: Lee's Rapid Deconstruction
  7460 | D:7      | Found a deep blue altar of Sif Muna.
  7509 | D:7      | Reached XP level 10. HP: 48/50 MP: 15/22
  7735 | D:8      | Noticed Prince Ribbit
  7740 | D:8      | Killed Prince Ribbit
  7740 | D:8      | Reached skill level 11 in Earth Magic
  8050 | D:8      | Offered knowledge of Throw Flame by Vehumet.
  8054 | D:8      | Learned a level 2 spell: Throw Flame
  8066 | D:8      | Reached ** piety under Vehumet
  8514 | D:8      | Learned a level 3 spell: Stone Arrow
  8572 | D:8      | Reached skill level 1 in Fighting
  8641 | D:8      | Reached skill level 1 in Maces & Flails
  8719 | D:9      | Got a pair of ancient boots
  8730 | D:9      | Identified the +0 pair of boots of Life {rElec Str+3} (You found it on level 9 of the Dungeon)
  8813 | D:9      | Reached skill level 1 in Armour
  8828 | D:9      | Found a flagged portal.
  8840 | Bailey   | Entered a bailey
  8858 | Bailey   | Offered knowledge of Conjure Flame by Vehumet.
  9007 | Bailey   | Reached *** piety under Vehumet
  9192 | Bailey   | Noticed an orc knight
  9192 | Bailey   | Noticed an orc knight
  9267 | Bailey   | Killed an orc knight
  9267 | Bailey   | Reached XP level 11. HP: 23/58 MP: 5/24
  9268 | Bailey   | Slain by an orc knight

Skill      XL: |  1  2  3  4  5  6  7  8  9 10 |
---------------+-------------------------------+-----
Earth Magic    | 4 5 6 7 9 10 11 | 11.8
Spellcasting   | 3 4 5 6 8 9 |  9.1
Conjurations   | 2 4 7 8 |  8.6
Fighting       | 2 |  2.5
Maces & Flails | 2 |  2.3
Dodging        | 2 |  2.0
Armour         | 2 |  2.2
Stealth        | |  2.1
Transmutations | |  0.7

Action                   |  1- 3 |  4- 6 |  7- 9 | 10-12 || total
-------------------------+-------+-------+-------+-------++-------
Melee: Club              |   118 |    82 |       |       ||   200
       Unarmed           |     2 |       |       |       ||     2
       Mace              |       |       |   273 |    30 ||   303
       Morningstar       |       |       |    22 |       ||    22
       Staff             |       |       |       |    57 ||    57
 Cast: Sandblast         |    31 |    42 |   104 |    78 ||   255
       Stone Arrow       |       |       |     5 |    53 ||    58
       Lee's Rapid Decon |       |       |       |     6 ||     6
       Throw Flame       |       |       |       |     2 ||     2
  Use: Scroll            |     3 |       |     8 |     5 ||    16
       Potion            |       |       |       |     1 ||     1
  Eat: Chunk             |     5 |     4 |    13 |     6 ||    28
       Fruit             |       |       |       |     1 ||     1
Armor: Robe              |    56 |       |       |       ||    56
       Leather armour    |    13 |    40 |    53 |       ||   106
       Ring mail         |       |       |   166 |   140 ||   306
Dodge: Dodged            |   117 |    61 |   228 |   169 ||   575
